 Dungeon Crawl Stone Soup version 0.20.0-8-g6b59dc7 (webtiles) character file.

379 Gorglomux the Firebug (level 6, -2/45 HPs)
             Began as a Centaur Fire Elementalist on May 30, 2017.
             Slain by Gorglomux's ghost (4 damage)
             ... on level 4 of the Dungeon.
             The game lasted 00:06:25 (4648 turns).

Gorglomux the Firebug (Centaur Fire Elementalist)   Turns: 4648, Time: 00:06:26

Health: -2/45      AC:  7    Str:  9 (10) XL:     6   Next: 45%
Magic:  1/10       EV: 10    Int: 13 (14) God:
Gold:   248        SH:  0    Dex: 12      Spells: 5/11 levels left

rFire    + . .     SeeInvis .   y - +0 dagger (venom)
rCold    x . .     Gourm    .   (no shield)
rNeg     . . .     Faith    .   a - +0 robe
rPois    +         Spirit   .   B - +2 hat
rElec    .         Reflect  .   (no cloak)
rCorr    .         Harm     .   u - +0 pair of gloves
MR       .....                  (no barding)
Stlth    +.........             (no amulet)
Regen    0.2/turn               o - ring of poison resistance
MPRegen  0.2/turn               s - ring of fire

@: very slightly contaminated, very quick
A: hooves 3, deformed body, speed 2, tough skin 3
a: no special abilities


You were on level 4 of the Dungeon.
You were not hungry.

You visited 1 branch of the dungeon, and saw 4 of its levels.

You collected 248 gold pieces.

Inventory:

Hand Weapons
 q - a +0 dagger
 y - a +0 dagger of venom (weapon)
Missiles
 D - 72 arrows
Armour
 a - a +0 robe (worn)
 u - a +0 pair of gloves (worn)
 B - a +2 hat (worn)
Jewellery
 o - a ring of poison resistance (left hand)
 s - a ring of fire (right hand)
 J - a +4 ring of dexterity
Scrolls
 t - a scroll of enchant armour {unknown}
 w - a scroll of amnesia {unknown}
 I - a scroll of remove curse {unknown}
 K - a scroll of teleportation {unknown}
 L - 5 scrolls of identify {unknown}
 P - a scroll of enchant weapon {unknown}
 Q - a scroll of blinking {unknown}
 S - a scroll of immolation {unknown}
Potions
 r - a potion of flight
 C - a potion of agility {unknown}
 F - a potion of might {unknown}
 G - a potion of invisibility {unknown}
 M - 3 potions of haste {unknown}
 N - a potion of magic {unknown}
 R - a potion of heal wounds {unknown}
Books
 b - a book of Flames

   Spells                             Type                      Level
   a - Flame Tongue                   Conjuration/Fire             1
   b - Throw Flame                    Conjuration/Fire             2
   c - Conjure Flame                  Conjuration/Fire             3
   d - Inner Flame                    Hexes/Fire                   3
   e - Sticky Flame                   Conjuration/Fire             4
   f - Fireball                       Conjuration/Fire             5
Comestibles
 c - 5 bread rations
 z - a meat ration
 O - a chunk of flesh


   Skills:
 - Level 1.3 Dodging
 - Level 1.1 Stealth
 + Level 3.2 Spellcasting
 + Level 3.6 Conjurations
 + Level 4.3 Fire Magic


You had 5 spell levels left.
You knew the following spells:

 Your Spells              Type           Power        Failure   Level  Hunger
a - Flame Tongue          Conj/Fire      ###..        4%          1    #......
b - Throw Flame           Conj/Fire      ###...       7%          2    ##.....
j - Conjure Flame         Conj/Fire      ###.....     13%         3    ###....


Dungeon Overview and Level Annotations

Branches:
Dungeon (4/15)
 Temple: D:4-7

Altars:
Qazlal
Ru
Trog
Xom

Annotations:
D:4 Gorglomux's ghost, amateur CeFE


Innate Abilities, Weirdness & Mutations

You have hooves in place of feet.
Armour fits poorly on your strangely shaped body.
You cover ground very quickly.
You have extremely tough skin. (AC +3)


Message History

* * * LOW HITPOINT WARNING * * *
You barely miss Gorglomux's ghost.
Gorglomux's ghost is almost destroyed.
Gorglomux's ghost hits you but does no damage.
You closely miss Gorglomux's ghost. You kick Gorglomux's ghost.
Gorglomux's ghost is almost destroyed.
Gorglomux's ghost misses you.
You hit Gorglomux's ghost but do no damage.
Gorglomux's ghost is almost destroyed.
Gorglomux's ghost points at you and mumbles some strange words.
The puff of flame misses you.
You hit Gorglomux's ghost but do no damage.
Gorglomux's ghost is almost destroyed.
Gorglomux's ghost gestures at you while chanting.
The puff of flame hits you! You resist.
* * * LOW HITPOINT WARNING * * *
You hit Gorglomux's ghost.
Gorglomux's ghost is almost destroyed.
Gorglomux's ghost hits you.
You die...

...#...##...####.##.<..##.....#
...#..........................#
...#...................##.....#
...#......[............########
...#....................#
...#....................#
...#....................#
...#...##...####W####..##
...#.>.#########@#######
...#....#...........#
...'....#...........#
...######...........#
...#...##.....##...##
...#....#.....##...##
...#....#......'....#
...#....#......#....#
...#....'......#....#


You could see Gorglomux's ghost.

Vanquished Creatures
  4 crimson imps (D:3)
  A jelly (D:4)
  An iguana (D:4)
  A hound skeleton (D:4)
  3 gnolls (D:2)
  5 adders
  An ooze (D:1)
  A worm (D:2)
  7 dart slugs
  An orc (D:3)
  4 bats
  4 giant cockroaches
  7 goblins
  7 hobgoblins
  15 jackals
  A quokka (D:3)
  A ball python (D:1)
  4 frilled lizards
  3 kobolds
  11 rats
82 creatures vanquished.

Vanquished Creatures (others)
  A hobgoblin (D:1)
  A kobold (D:1)
2 creatures vanquished.

Grand Total: 84 creatures vanquished

Notes
Turn   | Place    | Note
-------+----------+-------------------------------------------
     0 | D:1      | Gorglomux the Centaur Fire Elementalist began the quest for the Orb.
     0 | D:1      | Reached XP level 1. HP: 14/14 MP: 3/3
    96 | D:1      | Reached skill level 1 in Conjurations
   162 | D:1      | Reached XP level 2. HP: 13/20 MP: 2/4
   193 | D:1      | Reached skill level 3 in Fire Magic
   570 | D:1      | Reached XP level 3. HP: 15/26 MP: 2/6
  1201 | D:2      | Noticed a moth of wrath
  1204 | D:2      | Found a bloodstained altar of Trog.
  1525 | D:2      | Learned a level 2 spell: Throw Flame
  1785 | D:2      | Found a faded altar of an unknown god.
  2082 | D:2      | Reached XP level 4. HP: 33/33 MP: 7/7
  2722 | D:2      | Found a stormy altar of Qazlal.
  3111 | D:3      | Found a sacrificial altar of Ru.
  3174 | D:3      | Found a shimmering altar of Xom.
  3203 | D:3      | Reached XP level 5. HP: 25/38 MP: 8/8
  3250 | D:3      | Reached skill level 4 in Fire Magic
  3309 | D:3      | Reached skill level 3 in Conjurations
  3826 | D:3      | Reached XP level 6. HP: 22/45 MP: 10/10
  4134 | D:3      | Reached skill level 3 in Spellcasting
  4417 | D:4      | Noticed Gorglomux's ghost (amateur CeFE)
  4438 | D:3      | Learned a level 3 spell: Conjure Flame
  4647 | D:4      | HP: 2/45 [Gorglomux's ghost/puff of flame (7)]
  4648 | D:4      | Slain by Gorglomux's ghost

Skill      XL: |  1  2  3  4  5  6 |
---------------+-------------------+-----
Conjurations   | 1 2 3 |  3.6
Fire Magic     | 3 4 |  4.3
Spellcasting   | 2 3 |  3.2
Dodging        | |  1.3
Stealth        | |  1.1

Action                   |  1- 3 |  4- 6 || total
-------------------------+-------+-------++-------
Melee: Unarmed           |    22 |       ||    22
       Kick              |    14 |    48 ||    62
       Dagger            |    75 |   263 ||   338
 Cast: Flame Tongue      |    30 |    33 ||    63
       Throw Flame       |     2 |     5 ||     7
       Conjure Flame     |       |     1 ||     1
  Use: Potion            |       |     4 ||     4
 Stab: Invisible         |       |     1 ||     1
  Eat: Chunk             |     4 |     7 ||    11
       Fruit             |       |     1 ||     1
Armor: Robe              |    49 |   135 ||   184
Dodge: Dodged            |    46 |   148 ||   194
